 Dungeon Crawl Stone Soup version 0.23-a0-261-g133332c (webtiles) character file.

324 SKER the Chopper (level 6, 0/52 HPs)
             Began as a Minotaur Fighter on Sept 30, 2018.
             Slain by an ogre
             ... wielding a +0 giant club
              (6 damage)
             ... on level 4 of the Dungeon.
             The game lasted 00:10:40 (2315 turns).

SKER the Chopper (Minotaur Fighter)                 Turns: 2315, Time: 00:10:41

Health: 0/52       AC:  9    Str: 21    XL:     6   Next: 23%
Magic:  5/5        EV:  9    Int:  5    God:
Gold:   183        SH:  0    Dex: 11    Spells: 5/5 levels left

rFire    . . .     SeeInvis .   a - +0 war axe
rCold    . . .     Gourm    .   (no shield)
rNeg     . . .     Faith    +   b - +1 scale mail
rPois    .         Spirit   .   (helmet restricted)
rElec    .         Reflect  .   (no cloak)
rCorr    .         Harm     .   (no gloves)
MR       .....                  u - +0 pair of boots
Stlth    ..........             p - amulet of faith
HPRegen  0.17/turn              (no ring)
MPRegen  0.09/turn              (no ring)

@: no status effects
A: retaliatory headbutt, horns 2
a: no special abilities


You were on level 4 of the Dungeon.
You were not hungry.

You visited 1 branch of the dungeon, and saw 4 of its levels.

You collected 183 gold pieces.

Inventory:

Hand Weapons
 a - a +0 war axe (weapon)
 h - a +2 dagger of freezing
 k - a +3 flail of crushing
 s - a +0 hand axe of freezing
Armour
 b - a +1 scale mail (worn)
 c - a +0 shield
 l - a +0 ring mail
 o - a +0 scale mail
 u - a +0 pair of boots (worn)
Jewellery
 p - an amulet of faith (around neck)
 t - an uncursed ring of teleportation
Wands
 v - a wand of enslavement (14)
Scrolls
 e - 2 scrolls of identify
 i - 3 scrolls of remove curse
Potions
 d - 2 potions of might
 j - a potion of brilliance
 m - a potion of curing
 n - a potion of invisibility
 w - a potion of lignification {unknown}
Comestibles
 f - 4 rations
 g - 3 chunks of flesh


   Skills:
 - Level 3.7 Fighting
 * Level 7.9 Axes
 - Level 3.6 Armour
 - Level 3.6 Shields


You had 5 spell levels left.
You didn't know any spells.
Your spell library contained the following spells:

 Spells                   Type           Power        Failure   Level  Hunger
 Beastly Appendage        Tmut           #.....       82%         1    ##.....
 Sticks to Snakes         Tmut           #.......     91%         2    ###....
 Spider Form              Tmut/Pois      #.........   99%         3    ####...
 Ice Form                 Ice/Tmut       #.......     100%        4    #####..
 Blade Hands              Tmut           #.........   100%        5    ######.


Dungeon Overview and Level Annotations

Branches:
Dungeon (4/15)
 Temple: D:4-7

Altars:
The Shining One


Innate Abilities, Weirdness & Mutations

You reflexively headbutt those who attack you in melee.
You have a pair of horns on your head.


Message History

You completely miss the orc wizard.
You hit the orc wizard but do no damage.
The orc wizard hits you with a dagger. The orc wizard closely misses you.
You furiously retaliate!
You headbutt the orc wizard!
You kill the orc wizard!
The orc wizard hits you but does no damage.
You slash the orc wizard!
You kill the orc wizard!
You hit the ogre but do no damage. The ogre hits you with a giant club!!
The ogre hits you with a giant club.
* * * LOW HITPOINT WARNING * * *
Things that are here:
a club; an orc corpse You open the door.
The ogre hits you with a giant club.
* * * LOW HITPOINT WARNING * * *
The ogre hits you with a giant club!
* * * LOW HITPOINT WARNING * * *
There is an open door, spattered with blood here.
The ogre hits you with a giant club.
You die...

#.# ####'#####
***#######'####........#******
,,,.........).#........#*,,,,*
,,,..$......).#........#*,,,,*
,,,.........))#........#*,,,,*
,,,...........#........#*,,,,*
,,,...........####....##*,,,,*
,>,...........'O.#....# *,,,,*
,,,...........##@#.$..# *,,,,*
,,,...#+##.#####.#....# *,,,,#
,,,,,,*,*#.* #.#....# *,,..#***
,,,,,,*,*#.**###<.....###.....,,,
,,,,,,+,,,,,,.........'.......,,,
,,,,,,*,*,,,,###....รท.##....##*,*
,,,,,,*,*,,,,* #.#....++,.....,,*
*******,*,,,,*##.#....##,,..##***
,,,,,,,,+,,,,+................,,,


You could see an ogre.

Vanquished Creatures
  Edmund (D:4)
  An orc priest (D:3)
  2 orc wizards (D:4)
  3 adders
  2 worms (D:2)
  A dart slug (D:3)
  2 leopard geckos
  9 orcs
  2 ball pythons
  4 giant cockroaches
  7 goblins
  9 hobgoblins
  3 jackals (D:4)
  2 quokkas
  A ball python skeleton (D:4)
  14 bats
  5 frilled lizards
  5 kobolds
  6 rats
79 creatures vanquished.

Notes
Turn   | Place    | Note
-------+----------+-------------------------------------------
     0 | D:1      | SKER the Minotaur Fighter began the quest for the Orb.
     0 | D:1      | Reached XP level 1. HP: 19/19 MP: 0/0
   123 | D:1      | Reached skill level 3 in Axes
   152 | D:1      | Reached XP level 2. HP: 7/27 MP: 1/1
   843 | D:2      | Reached skill level 4 in Axes
   877 | D:2      | Reached XP level 3. HP: 33/33 MP: 2/2
  1159 | D:2      | Found a glowing golden altar of the Shining One.
  1471 | D:3      | Reached skill level 5 in Axes
  1495 | D:3      | Reached XP level 4. HP: 38/40 MP: 3/3
  1592 | D:3      | Reached skill level 6 in Axes
  2029 | D:3      | Reached XP level 5. HP: 43/46 MP: 4/4
  2113 | D:4      | Noticed Edmund
  2130 | D:4      | Killed Edmund
  2130 | D:4      | Reached skill level 7 in Axes
  2130 | D:4      | Reached XP level 6. HP: 33/52 MP: 5/5
  2315 | D:4      | Slain by an ogre

Vault maps used:
D:1:      minmay_arrival_semitransparent
D:2:      lemuel_coloured_pillars_altar
D:3:      minmay_strange_pillars
D:4:      nicolae_ru_the_path_less_chosen, serial_shops, shop, uniq_natasha,
          uniq_sigmund, uniq_edmund

Skill      XL: |  1  2  3  4  5 |
---------------+----------------+-----
Axes           | 3 4 5 6 7 |  7.9
Fighting       | |  3.7
Armour         | |  3.6
Shields        | |  3.6

Action                   |  1- 3 |  4- 6 || total
-------------------------+-------+-------++-------
Melee: War axe           |    94 |    68 ||   162
       Headbutt          |    13 |    11 ||    24
  Use: Scroll            |     2 |     6 ||     8
       Potion            |     1 |       ||     1
  Eat: Chunk             |     2 |     3 ||     5
Armor: Scale mail        |    79 |    25 ||   104
Dodge: Dodged            |    70 |    51 ||   121

Table legend:
 A = Non-vault XP
 B = Vault XP
 C = Vault XP percentage of total XP
 D = Non-vault monster count
 E = Vault monster count
 F = Vault count percentage of total count
                 A         B        C        D         E       F
            +---------+---------+-------+---------+---------+-------
      Total |     295 |     169 |  36.4 |      78 |       1 |   1.3
            +---------+---------+-------+---------+---------+-------
        D:1 |      31 |       0 |   0.0 |      20 |       0 |   0.0
        D:2 |      49 |       0 |   0.0 |      17 |       0 |   0.0
        D:3 |     121 |       0 |   0.0 |      30 |       0 |   0.0
        D:4 |      94 |     169 |  64.3 |      11 |       1 |   8.3
            +---------+---------+-------+---------+---------+-------
